 Dungeon Crawl Stone Soup version 0.28-a0-683-ga8797d1ae1 (webtiles) character file.

Game seed: 16819212927810827470

1 shoop the Ruffian (level 1, 19/19 HPs)
             Began as an Ogre Transmuter on Oct 18, 2021.
             Quit the game on level 1 of the Dungeon.
             The game lasted 00:00:28 (110 turns).

shoop the Ruffian (Ogre Transmuter)                  Turns: 110, Time: 00:00:29

Health: 19/19      AC:  3    Str: 13    XL:     1   Next: 20%
Magic:  3/3        EV:  9    Int: 14    God:
Gold:   0          SH:  0    Dex:  9    Spells: 3/4 levels left

rFire   . . .      SeeInvis .     - Unarmed
rCold   . . .      Faith    .   (no shield)
rNeg    . . .      Spirit   .   a - +0 robe
rPois   .          Reflect  .   (helmet restricted)
rElec   .          Harm     .   (no cloak)
rCorr   .          Rampage  .   (gloves unavailable)
Will    .....                   (boots unavailable)
Stlth   +.........              (no amulet)
HPRegen 0.06/turn               (no ring)
MPRegen 0.08/turn               (no ring)

@: no status effects
A: large, unfitting armour, tough skin 1
a: no special abilities


You were on level 1 of the Dungeon.
You visited 1 branch of the dungeon, and saw 1 of its levels.

Inventory:

Armour
 a - a +0 robe (worn)
Scrolls
 b - a scroll of identify {unknown}


   Skills:
 - Level 1.3 Fighting
 - Level 1.7 Dodging
 + Level 2.8 Unarmed Combat
 - Level 2.4 Spellcasting
 - Level 1.7 Transmutations


You had 3 spell levels left.
You knew the following spells:

 Your Spells              Type           Power      Damage    Failure   Level
a - Beastly Appendage     Tmut           12%        N/A       11%         1

Your spell library contained the following spells:

 Spells                   Type           Power      Damage    Failure   Level
 Wereblood                Tmut           6%         N/A       17%         2
 Spider Form              Tmut/Pois      2%         N/A       43%         3
 Ice Form                 Ice/Tmut       4%         N/A       85%         4


Dungeon Overview and Level Annotations

Branches:
Dungeon (1/15)

Altars:


Innate Abilities, Weirdness & Mutations

You are too large for most types of armour.
You have tough skin. (AC +1)


Message History

Will you be the one to retrieve the breathtaking Orb of Zot from the depths?
Press ? for a list of commands and other information.
Found a staircase leading out of the dungeon.
You open the door.
There is an open door here.
You open the door.
There is an open door here.
You open the door.
There is an open door here.
A goblin comes into view. It is wielding a +0 dagger.
The goblin shouts!
Casting: Beastly Appendage (safe; 11% risk of failure)
Confirm with . or Enter, or press ? or * to list all spells.
You grow a pair of large bovine horns.
Your feet morph into talons.
Your transformation is almost over.
The goblin hits you with a +0 dagger.
You barely miss the goblin. Your kick misses the goblin.
You headbutt the goblin.
The goblin is moderately wounded.
The goblin hits you with a +0 dagger.
You closely miss the goblin. Your kick misses the goblin.
Your headbutt misses the goblin.
The goblin is moderately wounded.
The goblin barely misses you.
You closely miss the goblin. You claw the goblin.
You kill the goblin!
No target in view!
No target in view!
Your horns disappear.
Your talons disappear.
Magic restored.
HP restored.
You see here a +0 dagger.
b - a scroll labelled DIDOMM VAEMO
Found a mace.
Found a pair of boots.
Found a whip.
A kobold comes into view. It is wielding a +0 whip.
The kobold shouts!
You can't go up here!
Are you sure you want to abandon this character and quit the game? (Confirm with "yes".)

#......# #.#... .....
#......# #.#.######.#.##
##......###.)...........
........'...#.#...##.#.##
##......###.#.#...##.#..###
#......###............)..#
#......#.....#######.#...#
........'.....# #.##..#
#########..@..# #.# ..#
####.....### #.. [#
#........... .#. .#
#.##.......... . .. #
##+###'######..K... . #.
#≈.≈§≈.≈# #........ ..
#≈≈§≈.≈§# ....).
#.#§≈.§.≈§### ......
#...≈.<.≈§..#


You could see a kobold.

Vanquished Creatures
  A goblin (D:1)
1 creature vanquished.

Notes
Turn   | Place    | Note
-------+----------+-------------------------------------------
     0 | D:1      | shoop the Ogre Transmuter began the quest for the Orb.
     0 | D:1      | Reached XP level 1. HP: 19/19 MP: 3/3
   110 | D:1      | Quit the game

Illustrated notes

Levels and vault maps discovered:
D:1:      ncdulo_lavacross, layout_basic

Action                   || total
-------------------------++-------
Melee: Unarmed           ||     3
       Kick              ||     1
       Headbutt          ||     1
 Cast: Beastly Appendage ||     1
Dodge: Dodged            ||     1

Table legend: (Time is in decaauts)
 A = Elapsed time spent in this place.
 B = Non-inter-level travel time spent in this place.
 C = Inter-level travel time spent in this place.
 D = Time resting spent in this place.
 E = Time spent auto-exploring this place.
 F = Levels seen in this place.
 G = Mean time per level.
                   A        B        C        D        E       F      G
               +--------+--------+--------+--------+--------+-----+--------+
         Total |    109 |     99 |     10 |      0 |     88 |   1 |  109.0 |
       Dungeon |    109 |     99 |     10 |      0 |     88 |   1 |  109.0 |
               +--------+--------+--------+--------+--------+-----+--------+

Top non-repeatable levels by time:
     D:1: 109 daAuts
